 Dungeon Crawl Stone Soup version 0.31.0-11-ge490571c62 (webtiles) character file.

Game seed: 7788150518006988019

60 Zeia the Trooper (level 3, -3/35 HPs)
             Began as a Minotaur Fighter on Jan 27, 2024.
             Slain by a gnoll
             ... wielding a +0 club
              (5 damage)
             ... on level 3 of the Dungeon.
             The game lasted 00:01:54 (1712 turns).

Zeia the Trooper (Minotaur Fighter)                 Turns: 1712, Time: 00:01:54

Health: -3/35      AC:  6    Str: 22    XL:     3   Next: 80%
Magic:  2/2        EV:  9    Int:  5    God:
Gold:   113        SH:  4    Dex:  9    Spells: 2/2 levels left

rFire   . . .        a - +0 war axe
rCold   . . .        c - +0 buckler
rNeg    . . .        b - +0 scale mail
rPois   .            (helmet restricted)
rElec   .            (no cloak)
rCorr   .            (no gloves)
SInv    .            (no boots)
Will    .....        (no amulet) Stlth
                     (no ring)
HPRegen 0.25/turn    (no ring)
MPRegen 0.08/turn

%: no passive effects
@: no status effects
A: horns 2, retaliatory headbutt
a: no special abilities


You were on level 3 of the Dungeon.
You visited 1 branch of the dungeon, and saw 3 of its levels.

You collected 113 gold pieces.

Inventory:

Hand Weapons
 a - a +0 war axe (weapon)
Armour
 b - a +0 scale mail (worn)
 c - a +0 buckler (worn)
Scrolls
 e - a scroll of vulnerability {unknown}
 i - 2 scrolls of identify {unknown}
 j - a scroll of amnesia {unknown}
 k - a scroll of blinking {unknown}
 l - 3 scrolls of teleportation {unknown}
 m - a scroll of immolation {unknown}
 n - a scroll of revelation {unknown}
Potions
 d - a potion of might
 f - a potion of enlightenment {unknown}
 g - a potion of degeneration {unknown}
 h - 2 potions of magic {unknown}
 o - a potion of mutation {unknown}
 p - a potion of cancellation {unknown}


   Skills:
 + Level 4.8 Fighting
 + Level 4.0 Axes
 - Level 3.6 Armour
 - Level 3.6 Shields


You had 2 spell levels left.
You didn't know any spells.
Your spell library contained the following spells:

 Spells                   Type           Power      Damage    Failure   Level
 Scorch                   Fire           0%         2d5       95%         2
 Call Canine Familiar     Summ           0%         N/A       99%         3
 Sigil of Binding         Hex            0%         N/A       99%         3
 Volatile Blastmotes      Fire/Tloc      0%         2d10      99%         3
 Dimensional Bullseye     Hex/Tloc       0%         N/A       100%        4
 Flame Wave               Conj/Fire      0%         2d4       100%        4
 Fulminant Prism          Conj/Alch      0%         3d5       100%        4
 Iskenderun's Mystic Bla  Conj/Tloc      0%         2d3       100%        4
 Summon Cactus Giant      Summ           0%         N/A       100%        6


Dungeon Overview and Level Annotations

Branches:
Dungeon (3/15)

Altars:


Innate Abilities, Weirdness & Mutations

You have a pair of horns on your head.
You reflexively headbutt those who attack you in melee.


Message History

A gnoll comes into view. It is wielding a +0 whip.
The gnoll barely misses you.
You climb upwards.
There is a stone staircase leading down here.
You slash the gnoll!
You kill the gnoll!
Your Axes skill increases to level 4!
No target in view!
No target in view!
You climb downwards.
The gnoll shouts! x2
The gnoll barely misses you.
There is a stone staircase leading up here.
You hit the gnoll. Your headbutt misses the gnoll.
The gnoll is moderately wounded.
The gnoll hits you with a +0 whip.
You barely miss the gnoll.
You headbutt the gnoll, but do no damage.
The gnoll is moderately wounded.
The gnoll hits you with a +0 whip! The gnoll hits you with a +0 whip.
You block the gnoll's attack.
You barely miss the gnoll.
The gnoll is moderately wounded.
You hit the gnoll but do no damage. The gnoll closely misses you.
You furiously retaliate!
You headbutt the gnoll. The gnoll hits you but does no damage.
You hit the gnoll.
The gnoll is almost dead.
You barely miss the gnoll. You hit the gnoll.
The gnoll hits you but does no damage. The gnoll closely misses you.
The gnoll hits you with a +0 whip.
You closely miss the gnoll. You headbutt the gnoll.
You kill the gnoll!
You closely miss the gnoll. You hit the gnoll.
The gnoll hits you with a +0 club. The gnoll hits you with a +0 whip!
* * * LOW HITPOINT WARNING * * *
The gnoll hits you with a +0 whip!
* * * LOW HITPOINT WARNING * * *
The gnoll hits you with a +0 club.
You die...

....##.........
...............
...............
....?...[......
..............>
...............
......g...?....
......)@.......
..(...g...$....
.####..........
#...........
#.#.####...#
#.#. ..## # #.
.# #. #


You could see 2 gnolls.

Vanquished Creatures
  2 gnolls
  An adder (D:2)
  A ribbon worm (D:2)
  A dart slug (D:1)
  An orc (D:2)
  2 bats
  5 endoplasms
  A giant cockroach (D:1)
  3 goblins (D:2)
  5 hobgoblins
  2 jackals (D:2)
  2 kobolds (D:1)
  A quokka (D:1)
  A ball python (D:2)
  A frilled lizard (D:2)
  3 rats (D:1)
32 creatures vanquished.

Notes
Turn   | Place    | Note
-------+----------+-------------------------------------------
     0 | D:1      | Zeia the Minotaur Fighter began the quest for the Orb.
     0 | D:1      | Reached XP level 1. HP: 19/19 MP: 0/0
   180 | D:1      | Found a faded altar of an unknown god.
   244 | D:1      | Reached XP level 2. HP: 27/27 MP: 1/1
   854 | D:2      | Reached XP level 3. HP: 29/34 MP: 2/2
  1712 | D:3      | Slain by a gnoll

Illustrated notes

Levels and vault maps discovered:
D:1:      kilobyte_arrival_exit_the_forest, layout_rooms,
          dreamdust_ecumenical_altar_statues, lemuel_flame_loot_1
D:2:      layout_basic
D:3:      layout_rooms

Skill      XL: |  1  2  3 |
---------------+----------+-----
Fighting       | 4 |  4.8
Axes           | 3 4 |  4.0
Armour         | |  3.6
Shields        | |  3.6

Action                     || total
---------------------------++-------
  Melee: War axe           ||    71
         Headbutt          ||     6
 Armour: Scale mail        ||    51
  Dodge: Dodged            ||    25
  Block: Buckler           ||    14
